 Dungeon Crawl Stone Soup version 0.28-a0-1560-g060a6a1bfc (webtiles) character file.

Game seed: 14800607698438151144

11 BritishOli the Slasher (level 2, 22/22 HPs)
             Began as a Demonspawn Gladiator on Jan 19, 2022.
             Got out of the dungeon alive.
             The game lasted 00:00:22 (439 turns).

BritishOli the Slasher (Demonspawn Gladiator)        Turns: 439, Time: 00:00:22

Health: 22/22      AC:  4    Str: 14    XL:     2   Next: 13%
Magic:  2/2        EV: 12    Int:  9    God:
Gold:   0          SH:  0    Dex: 14    Spells: 1/1 levels left

rFire   . . .      SeeInvis .   a - +0 long sword
rCold   . . .      Faith    .   (no shield)
rNeg    . . .      Spirit   .   b - +0 leather armour
rPois   .          Reflect  .   c - +0 helmet
rElec   .          Harm     .   (no cloak)
rCorr   .          Rampage  .   (no gloves)
Will    .....                   (no boots)
Stlth   +.........              (no amulet)
HPRegen 0.07/turn               (no ring)
MPRegen 0.08/turn               (no ring)

@: no status effects
A: demonic magic 1
a: no special abilities


You escaped.
You visited 1 branch of the dungeon, and saw 1 of its levels.

Inventory:

Hand Weapons
 a - a +0 long sword (weapon)
Missiles
 d - 3 throwing nets (quivered)
Armour
 b - a +0 leather armour (worn)
 c - a +0 helmet (worn)
Scrolls
 f - a scroll of identify {unknown}
Potions
 e - a potion of flight {unknown}


   Skills:
 + Level 2.2 Fighting
 + Level 2.8 Long Blades
 + Level 2.0 Throwing
 + Level 2.8 Dodging


You had one spell level left.
You didn't know any spells.
Your spell library was empty.

Dungeon Overview and Level Annotations

Branches:
Dungeon (1/15)

Altars:


Innate Abilities, Weirdness & Mutations

Spells you cast may paralyse adjacent enemies.


Message History

There are monsters nearby!
You barely miss the bat. The bat misses you. The goblin barely misses you.
The kobold splashes around in the water.
The goblin closely misses you.
There are monsters nearby!
You closely miss the bat. The bat hits you but does no damage.
The kobold splashes around in the water.
The goblin barely misses you.
There are monsters nearby!
You hit the goblin.
You kill the goblin!
The bat barely misses you. The kobold barely misses you.
There are monsters nearby!
You closely miss the kobold. The bat hits you but does no damage.
The kobold closely misses you.
The kobold splashes around in the water.
There are monsters nearby!
You barely miss the bat. The bat misses you.
The kobold hits you but does no damage.
You barely miss the kobold. The bat barely misses you. The kobold misses you.
You hit the bat.
You kill the bat!
The kobold splashes around in the water.
You hit the kobold.
You kill the kobold!
You hear a splash.
No target in view!
No target in view!
No target in view!
f - a scroll labelled QASIYK FUHAG You see here a hobgoblin corpse.
There is an open door here.
You see here a +0 hunting sling.
There is an open door here.
There is an open door here.
There is an open door here.
There is an open door here.
There is a staircase leading out of the dungeon here.
Are you sure you want to leave the Dungeon?
This will make you lose the game!
You have escaped!

#.##.# #.# #...#...'.######.#
#.##.###.####.###.#####.....#
#.##.......##.# #.# #######
#.######.###..# #.##
#.######.# #.####..#
#........###.###..#..#
########...#..##.###..#
######.....# #.# #@#..### .#
###### #


There were no monsters in sight!

Vanquished Creatures
  2 ball pythons (D:1)
  An endoplasm (D:1)
  2 goblins (D:1)
  A hobgoblin (D:1)
  2 bats (D:1)
  A frilled lizard (D:1)
  A kobold (D:1)
10 creatures vanquished.

Notes
Turn   | Place    | Note
-------+----------+-------------------------------------------
     0 | D:1      | BritishOli the Demonspawn Gladiator began the quest for the
                  | Orb.
     0 | D:1      | Reached XP level 1. HP: 16/16 MP: 1/1
   332 | D:1      | Gained mutation: Spells you cast may paralyse adjacent
                  | enemies. [demonic ancestry]
   332 | D:1      | Reached XP level 2. HP: 16/22 MP: 2/2
   439 | D:$      | Got out of the dungeon alive.

Illustrated notes

Levels and vault maps discovered:
D:1:      dpeg_arrival_round_a, layout_loops_corners, minivault_14

Skill      XL: |  1 |
---------------+----+-----
Throwing       | 2 |  2.0
Fighting       | |  2.2
Long Blades    | |  2.8
Dodging        | |  2.8

Action                   || total
-------------------------++-------
Melee: Long sword        ||    25
Armor: Leather armour    ||    12
Dodge: Dodged            ||    20

Table legend: (Time is in decaauts)
 A = Elapsed time spent in this place.
 B = Non-inter-level travel time spent in this place.
 C = Inter-level travel time spent in this place.
 D = Time resting spent in this place.
 E = Time spent auto-exploring this place.
 F = Levels seen in this place.
 G = Mean time per level.
                   A        B        C        D        E       F      G
               +--------+--------+--------+--------+--------+-----+--------+
         Total |    445 |    347 |     98 |      0 |    299 |   1 |  445.0 |
       Dungeon |    445 |    347 |     98 |      0 |    299 |   1 |  445.0 |
               +--------+--------+--------+--------+--------+-----+--------+

Top non-repeatable levels by time:
     D:1: 445 daAuts
